NYP
IDAHO FALLS CHUKARS @ MINNESOTA (NYP) TWINS
08/28/2045
 
TOP OF THE 1ST
Idaho Falls Chukars batting - Pitching for Minnesota (NYP) Twins : RHP Dean Huch
Pitching: RHP Dean Huch
Batting: LHB John Wagner 0-0: Called Strike
0-1: Ball
1-1: Single, Error in OF, E7, batter to second base (Groundball, 56D, EV 95.6 MPH)
Batting: LHB David Bearden 0-0: Called Strike
0-1: Ball
1-1: Fly out, F8 (Flyball, 8RS, EV 83.8 MPH)
Batting: LHB Joe Cozart 0-0: Ground out 4-3 (Groundball, 34D, EV 87.5 MPH)
John Wagner to third
Batting: SHB Ryoji Hiraoka 0-0: Swinging Strike
0-1: Ball
1-1: Foul Ball, location: 2F
1-2: TRIPLE (Groundball, 3L, EV 108.8 MPH)
John Wagner scores
Batting: RHB Edwin Ramos 0-0: Ground out 6-3 (Groundball, 6, EV 76.9 MPH)
Top of the 1st over - 1 run, 2 hits, 1 error, 1 left on base; Idaho Falls 1 - Minnesota (NYP) 0
BOTTOM OF THE 1ST
Minnesota (NYP) Twins batting - Pitching for Idaho Falls Chukars : RHP Bryan Kiefer
Pitching: RHP Bryan Kiefer
Batting: LHB Chris Munguia 0-0: Called Strike
0-1: Fly out, F8 (Line Drive, 8RM, EV 109.4 MPH)
Batting: RHB Sean Gould 0-0: Ball
1-0: Fly out, F8 (Flyball, 8RXD, EV 107.5 MPH)
Batting: SHB Ian Thompson 0-0: Ball
1-0: Reached on error, E4 (Groundball, 4S, EV 85.6 MPH)
Batting: RHB Michael McDonald 0-0: Ground out 6-3 (Groundball, 56, EV 101.2 MPH)
Bottom of the 1st over - 0 runs, 0 hits, 1 error, 1 left on base; Idaho Falls 1 - Minnesota (NYP) 0
TOP OF THE 2ND
Idaho Falls Chukars batting - Pitching for Minnesota (NYP) Twins : RHP Dean Huch
Batting: RHB Justin Goff 0-0: Swinging Strike
0-1: Fly out, F3 (Line Drive, 3, EV 71.9 MPH)
Batting: RHB Ben Minge 0-0: Foul Ball, location: 2F
0-1: Ball
1-1: DOUBLE (Line Drive, 78M, EV 101.9 MPH)
Batting: RHB Eric Erickson 0-0: Called Strike
0-1: Hit by Pitch
Batting: RHB Timotheus Cooper 0-0: Foul Ball, location: 2F
0-1: Fly out, F5 (Line Drive, 5, EV 70.6 MPH)
Batting: LHB John Wagner 0-0: Ball
1-0: Ball
2-0: Foul Ball, location: 2F
2-1: Ball
3-1: Base on Balls
Ben Minge to third
Eric Erickson to second
Batting: LHB David Bearden 0-0: Ball
1-0: Ball
2-0: Ball
Passed Ball!
Ben Minge scores
Eric Erickson to third
John Wagner to second
3-0: Fly out, F7 (Line Drive, 7, EV 90.6 MPH)
Top of the 2nd over - 1 run, 1 hit, 0 errors, 2 left on base; Idaho Falls 2 - Minnesota (NYP) 0
BOTTOM OF THE 2ND
Minnesota (NYP) Twins batting - Pitching for Idaho Falls Chukars : RHP Bryan Kiefer
Batting: RHB David Nardone 0-0: SINGLE (Flyball, 8LS, EV 87.5 MPH)
Batting: LHB Seung-jun Chang 0-0: Called Strike
0-1: Ball
1-1: Ball
David Nardone steals 2nd base (no throw)
2-1: Ball
3-1: Ground out 5-3 (Groundball, 56, EV 86.2 MPH)
Batting: RHB Tony Crespo 0-0: Ball
1-0: Swinging Strike
1-1: Fly out, F6 (Popup, P, EV 75.0 MPH)
Batting: RHB Willie Jimenez 0-0: Ground out 5-3 (Groundball, 56, EV 78.8 MPH)
Bottom of the 2nd over - 0 runs, 1 hit, 0 errors, 1 left on base; Idaho Falls 2 - Minnesota (NYP) 0
TOP OF THE 3RD
Idaho Falls Chukars batting - Pitching for Minnesota (NYP) Twins : RHP Dean Huch
Batting: LHB Joe Cozart 0-0: Called Strike
0-1: Hit by Pitch
Batting: SHB Ryoji Hiraoka 0-0: Called Strike
0-1: Fly out, F7 (Flyball, 7S, EV 88.1 MPH)
Batting: RHB Edwin Ramos 0-0: Swinging Strike
0-1: Ball
1-1: Grounds into double play, 4-6-3 (Groundball, 4, EV 85.6 MPH)
Top of the 3rd over - 0 runs, 0 hits, 0 errors, 0 left on base; Idaho Falls 2 - Minnesota (NYP) 0
BOTTOM OF THE 3RD
Minnesota (NYP) Twins batting - Pitching for Idaho Falls Chukars : RHP Bryan Kiefer
Batting: SHB Donell Burney 0-0: Ball
1-0: Ball
2-0: Called Strike
2-1: Ball
3-1: Base on Balls
Batting: LHB Chris Munguia 0-0: Called Strike
0-1: Fielders Choice at 2nd, 3-6 (Groundball, 34S, EV 90.6 MPH)
Batting: RHB Sean Gould 0-0: Called Strike
0-1: Ball
Chris Munguia steals 2nd base (no throw)
1-1: Ground out 5-3 (Groundball, 5, EV 75.6 MPH)
Batting: SHB Ian Thompson 0-0: Swinging Strike
0-1: Foul Ball, location: 2F
0-2: Strikes out swinging
Bottom of the 3rd over - 0 runs, 0 hits, 0 errors, 1 left on base; Idaho Falls 2 - Minnesota (NYP) 0
TOP OF THE 4TH
Idaho Falls Chukars batting - Pitching for Minnesota (NYP) Twins : RHP Dean Huch
Batting: RHB Justin Goff 0-0: Called Strike
0-1: Ball
1-1: Foul Ball, location: 2F
1-2: Ball
2-2: Foul Ball, location: 2F
2-2: Strikes out swinging
Batting: RHB Ben Minge 0-0: Called Strike
0-1: Ground out 6-3 (Groundball, 56, EV 98.8 MPH)
Batting: RHB Eric Erickson 0-0: Called Strike
0-1: Swinging Strike
0-2: Foul Ball, location: 2F
0-2: Ground out 5-3 (Groundball, 15, EV 78.1 MPH)
Top of the 4th over - 0 runs, 0 hits, 0 errors, 0 left on base; Idaho Falls 2 - Minnesota (NYP) 0
BOTTOM OF THE 4TH
Minnesota (NYP) Twins batting - Pitching for Idaho Falls Chukars : RHP Bryan Kiefer
Batting: RHB Michael McDonald 0-0: Called Strike
0-1: Called Strike
0-2: Strikes out looking
Batting: RHB David Nardone 0-0: Called Strike
0-1: Reached on error, E3 (Groundball, 3, EV 89.4 MPH)
Batting: LHB Seung-jun Chang 0-0: Ball
David Nardone steals 2nd base
1-0: Ball
2-0: Foul Ball, location: 2F
2-1: Swinging Strike
2-2: Strikes out swinging
Batting: RHB Tony Crespo 0-0: Single, Error in OF, E8, batter to second base (Groundball, 6MD, EV 104.4 MPH)
David Nardone scores
Batting: RHB Willie Jimenez 0-0: Ball
1-0: Ball
2-0: Ball
3-0: Base on Balls
Batting: SHB Donell Burney 0-0: Ground out 4-3 (Groundball, 4, EV 81.2 MPH)
Bottom of the 4th over - 1 run, 1 hit, 2 errors, 2 left on base; Idaho Falls 2 - Minnesota (NYP) 1
TOP OF THE 5TH
Idaho Falls Chukars batting - Pitching for Minnesota (NYP) Twins : RHP Dean Huch
Batting: RHB Timotheus Cooper 0-0: Ball
1-0: Foul Ball, location: 2F
1-1: Ball
2-1: SINGLE (Groundball, 56D, EV 105.0 MPH)
Batting: LHB John Wagner 0-0: Ball
1-0: Fly out, F9 (Flyball, 9, EV 78.8 MPH)
Batting: LHB David Bearden 0-0: Ball
1-0: Ball
2-0: Ball
3-0: Base on Balls
Timotheus Cooper to second
Batting: LHB Joe Cozart 0-0: Fielders Choice at 2nd, 3-6 (Groundball, 3, EV 111.2 MPH)
Timotheus Cooper to third
Batting: SHB Ryoji Hiraoka 0-0: Ball
1-0: Ground out 4-3 (Groundball, 4, EV 105.6 MPH)
Top of the 5th over - 0 runs, 1 hit, 0 errors, 2 left on base; Idaho Falls 2 - Minnesota (NYP) 1
BOTTOM OF THE 5TH
Minnesota (NYP) Twins batting - Pitching for Idaho Falls Chukars : RHP Bryan Kiefer
Batting: LHB Chris Munguia 0-0: TRIPLE (Flyball, 89XD, EV 115.0 MPH)
Batting: RHB Sean Gould 0-0: Ball
1-0: Foul Ball, location: 2F
1-1: Ball
2-1: Foul Ball, location: 2F
2-2: Ball
3-2: Foul Ball, location: 2F
3-2: Foul Ball, location: 2F
3-2: Ground out 4-3 (Groundball, 4S, EV 86.2 MPH)
Batting: SHB Ian Thompson 0-0: Called Strike
0-1: Ball
1-1: SINGLE (Line Drive, 8RS, EV 101.9 MPH)
Chris Munguia scores
Batting: RHB Michael McDonald 0-0: Fly out, F3 (Popup, 3SF, EV 75.0 MPH)
Batting: RHB David Nardone 0-0: Called Strike
Ian Thompson steals 2nd base
0-1: Ball
1-1: DOUBLE (Flyball, 78XD, EV 105.0 MPH)
Ian Thompson scores
Pitching: RHP Philip Terrell
Batting: LHB Seung-jun Chang 0-0: Foul Ball, location: 2F
0-1: Ground out 5-3 (Groundball, 56, EV 85.0 MPH)
Bottom of the 5th over - 2 runs, 3 hits, 0 errors, 1 left on base; Idaho Falls 2 - Minnesota (NYP) 3
TOP OF THE 6TH
Idaho Falls Chukars batting - Pitching for Minnesota (NYP) Twins : RHP Dean Huch
Batting: RHB Edwin Ramos 0-0: Ball
1-0: Ball
2-0: Ball
3-0: Called Strike
3-1: Ground out 5-3 (Groundball, 5, EV 79.4 MPH)
Batting: RHB Justin Goff 0-0: Ball
1-0: DOUBLE (Line Drive, 5D, EV 99.4 MPH)
Batting: RHB Ben Minge 0-0: Ball
1-0: Ball
Passed Ball!
Justin Goff to third
2-0: Ball
3-0: Base on Balls
Batting: RHB Eric Erickson 0-0: Fielders Choice at 2nd, 4-6 (Groundball, 4, EV 102.5 MPH)
Justin Goff scores
Batting: RHB Timotheus Cooper 0-0: Ball
Eric Erickson steals 2nd base
1-0: Ground out 6-3 (Groundball, 6, EV 82.5 MPH)
Top of the 6th over - 1 run, 1 hit, 0 errors, 1 left on base; Idaho Falls 3 - Minnesota (NYP) 3
BOTTOM OF THE 6TH
Minnesota (NYP) Twins batting - Pitching for Idaho Falls Chukars : RHP Philip Terrell
Batting: RHB Tony Crespo 0-0: Called Strike
0-1: Swinging Strike
0-2: Ball
1-2: Ball
2-2: SINGLE (Flyball, 9S, EV 88.8 MPH)
Batting: RHB Willie Jimenez 0-0: Called Strike
0-1: Fly out, F7 (Flyball, 78D, EV 104.4 MPH)
Pinch Hitting: RHB Graham Calvert 0-0: Called Strike
Tony Crespo steals 2nd base
0-1: SINGLE (Groundball, 34S, EV 65.6 MPH) (infield hit)
Tony Crespo to third
Batting: LHB Chris Munguia 0-0: Ball
1-0: Foul Ball, location: 2F
1-1: Swinging Strike
1-2: Foul Ball, location: 2F
1-2: Foul Ball, location: 2F
1-2: Ball
2-2: Foul Ball, location: 2F
2-2: Ball
3-2: Strikes out swinging
Pitching: RHP Mike Tuck
Batting: RHB Sean Gould 0-0: Called Strike
0-1: Called Strike
0-2: Fielders Choice at 2nd, U6 (Groundball, 6M, EV 105.0 MPH)
Bottom of the 6th over - 0 runs, 2 hits, 0 errors, 2 left on base; Idaho Falls 3 - Minnesota (NYP) 3
TOP OF THE 7TH
Idaho Falls Chukars batting - Pitching for Minnesota (NYP) Twins : RHP Dean Huch
Pitching: LHP Umberto van der Vleuten
Now at SS: Chris Starcher
Batting: LHB John Wagner 0-0: Called Strike
0-1: Fly out, F8 (Flyball, 8LM, EV 90.6 MPH)
Batting: LHB David Bearden 0-0: Called Strike
0-1: Ball
1-1: Swinging Strike
1-2: Ball
2-2: Foul Ball, location: 2F
2-2: Foul Ball, location: 2F
2-2: SOLO HOME RUN (Flyball, 9LD, EV 95.0 MPH), Distance : 360 ft
Batting: LHB Joe Cozart 0-0: Ground out 1-3 (Groundball, 15S, EV 70.6 MPH)
Pitching: RHP Stewart Wilson
Batting: SHB Ryoji Hiraoka 0-0: Called Strike
0-1: Ball
1-1: Swinging Strike
1-2: Strikes out swinging
Top of the 7th over - 1 run, 1 hit, 0 errors, 0 left on base; Idaho Falls 4 - Minnesota (NYP) 3
BOTTOM OF THE 7TH
Minnesota (NYP) Twins batting - Pitching for Idaho Falls Chukars : RHP Mike Tuck
Batting: SHB Ian Thompson 0-0: Called Strike
0-1: Foul Ball, location: 2F
0-2: Ball
1-2: Ball
2-2: Strikes out swinging
Batting: RHB Michael McDonald 0-0: Called Strike
0-1: Ground out 5-3 (Groundball, 56S, EV 78.8 MPH)
Batting: RHB David Nardone 0-0: Ball
1-0: Ball
2-0: Ball
3-0: Hit by Pitch
Batting: LHB Seung-jun Chang 0-0: Called Strike
David Nardone steals 2nd base
0-1: Foul Ball, location: 2F
0-2: Strikes out swinging
Bottom of the 7th over - 0 runs, 0 hits, 0 errors, 1 left on base; Idaho Falls 4 - Minnesota (NYP) 3
TOP OF THE 8TH
Idaho Falls Chukars batting - Pitching for Minnesota (NYP) Twins : RHP Stewart Wilson
Batting: RHB Edwin Ramos 0-0: Called Strike
0-1: Ball
1-1: Ball
2-1: Foul Ball, location: 2F
2-2: Ground out 4-3 (Groundball, 4M, EV 80.6 MPH)
Batting: RHB Justin Goff 0-0: Ball
1-0: Ball
2-0: Called Strike
2-1: Ball
3-1: SINGLE (Groundball, 6MD, EV 105.0 MPH)
Batting: RHB Ben Minge 0-0: Ball
1-0: Called Strike
1-1: Ball
2-1: Foul Ball, location: 2F
2-2: Foul Ball, location: 2F
2-2: Strikes out swinging
Batting: RHB Eric Erickson 0-0: Ball
Wild Pitch!
Justin Goff to second
1-0: Ball
2-0: Swinging Strike
2-1: Swinging Strike
2-2: Ball
3-2: Strikes out looking
Top of the 8th over - 0 runs, 1 hit, 0 errors, 1 left on base; Idaho Falls 4 - Minnesota (NYP) 3
BOTTOM OF THE 8TH
Minnesota (NYP) Twins batting - Pitching for Idaho Falls Chukars : RHP Mike Tuck
Pitching: RHP Matt Slater
Batting: RHB Tony Crespo 0-0: Foul Ball, location: 2F
0-1: SINGLE (Line Drive, 7S, EV 95.0 MPH)
Batting: RHB Willie Jimenez 0-0: Bunted foul
0-1: Bunted foul
0-2: Strikes out looking
Batting: RHB Chris Starcher 0-0: Called Strike
0-1: Ball
1-1: Fielders Choice at 2nd, 1-6 (Groundball, 13S, EV 65.6 MPH)
Batting: LHB Chris Munguia 0-0: Swinging Strike
0-1: Swinging Strike
0-2: Foul Ball, location: 2F
0-2: Hit by Pitch
Chris Starcher to second
Pinch Runner at 2nd Gustavo Pacheco:
Batting: RHB Sean Gould 0-0: DOUBLE (Line Drive, 8LXD, EV 103.8 MPH)
Gustavo Pacheco scores
Chris Munguia to third
Batting: SHB Ian Thompson 0-0: Ball
1-0: Ball
2-0: Fly out, F9 (Flyball, 89XD, EV 98.8 MPH)
Bottom of the 8th over - 1 run, 2 hits, 0 errors, 2 left on base; Idaho Falls 4 - Minnesota (NYP) 4
TOP OF THE 9TH
Idaho Falls Chukars batting - Pitching for Minnesota (NYP) Twins : RHP Stewart Wilson
Pitching: RHP Matt Lundy
Now at SS: Alex Loaiza
Batting: LHB Josh Dalton 0-0: Ball
1-0: Ground out U3 (Groundball, 3S, EV 60.6 MPH)
Batting: LHB John Wagner 0-0: Called Strike
0-1: Ball
1-1: Ground out U3 (Groundball, 3, EV 93.1 MPH)
Batting: LHB David Bearden 0-0: Swinging Strike
0-1: Ball
1-1: Ball
2-1: Called Strike
2-2: Strikes out swinging
Top of the 9th over - 0 runs, 0 hits, 0 errors, 0 left on base; Idaho Falls 4 - Minnesota (NYP) 4
BOTTOM OF THE 9TH
Minnesota (NYP) Twins batting - Pitching for Idaho Falls Chukars : RHP Matt Slater
Pitching: RHP Howie Seidler
Batting: RHB Michael McDonald 0-0: Called Strike
0-1: Foul Ball, location: 2F
0-2: Ball
1-2: Foul Ball, location: 2F
1-2: Strikes out looking
Batting: RHB David Nardone 0-0: Ball
1-0: Ball
2-0: Ball
3-0: Base on Balls
Batting: LHB Seung-jun Chang 0-0: Called Strike
David Nardone steals 2nd base
0-1: Ground out 5-3 (Groundball, 56, EV 88.8 MPH)
Batting: RHB Tony Crespo 0-0: Called Strike
0-1: Ball
1-1: Ball
2-1: SINGLE (Line Drive, 8RS, EV 93.8 MPH)
David Nardone to third
Runner from 3rd tries for Home, SAFE, throw by CF to home
Bottom of the 9th over - 1 run, 1 hit, 0 errors, 0 left on base; Idaho Falls 4 - Minnesota (NYP) 5
Game Over ... Minnesota (NYP) defeats Idaho Falls, 5 to 4
Wednesday, June 22nd , 2022 - OOTP Baseball 23.4 Build 64